Map: Ice and Chrome LE

Players

redbusman

  • Race: Terran Terran
  • League: Silver
  • Spawn Location: 7:00

KaloAgo - Winner!

  • Race: Terran Terran
  • League: Silver
  • Spawn Location: 1:00

VOD

Have the link to the VOD?

Description

Time

  • Played on: July 22, 2020, 10:32 p.m.
  • Length: 18:21
Show
View Real Time Build Order
Export as new Build Order

redbusman Terran 

Build Orders:  

Get SALT Encoding   

  12  0:01  SCV  
  13  0:13  SCV  
  14  0:20  Supply Depot  
  14  0:25  SCV  
  15  0:34  Refinery  
  15  0:42  SCV  
  16  0:46  Barracks  
  16  0:54  SCV  
  17  1:06  SCV  
  18  1:18  SCV  
  19  1:30  SCV  
  20  1:36  Marine  
  20  1:39  Command Center  
  21  1:47  Orbital Command  
  21  1:58  Barracks Reactor  
  21  2:17  SCV  
  21  2:21  Refinery  
  22  2:29  SCV  
  23  2:31  Factory  
  23  2:48  Marine x2  
  23  2:49  SCV  
  25  3:01  SCV  
  25  3:06  Marine x2  
  27  3:24  Orbital Command, Marine  
  28  3:31  Hellion  
  30  3:50  Starport  
  30  3:51  SCV  
  31  3:56  Supply Depot  
  31  4:03  SCV  
  31  4:04  Engineering Bay  
  32  4:15  SCV  
  33  4:19  Supply Depot  
  33  4:20  Marine x2  
  35  4:24  Factory Tech Lab  
  35  4:27  SCV  
  36  4:32  Barracks  
  36  4:36  Starport Tech Lab  
  36  4:37  Marine, Barracks  
  36  4:38  Marine  
  38  4:39  SCV  
  38  4:45  Missile Turret  
  39  4:55  Marine x2  
  39  4:57  Missile Turret  
  41  5:05  SCV  
  42  5:13  Marine x2  
  44  5:14  Supply Depot  
  44  5:17  SCV  
  45  5:29  SCV  
  46  5:37  Supply Depot  
  46  5:41  SCV  
  47  5:53  SCV  
  47  5:56  Stimpack  
  48  5:57  Combat Shield  
  48  6:00  Terran Infantry Weapons Level 1  
  48  6:05  SCV  
  48  6:06  Marine x2  
  48  6:08  Marauder x2  
  55  6:13  Viking  
  55  6:18  SCV  
  58  6:19  Factory Tech Lab  
  58  6:24  Marine x2  
  60  6:29  Marauder  
  60  6:30  Marauder  
  64  6:42  Marine x2  
  64  6:43  Medivac  
  64  6:45  Siege Tank  
  71  6:51  Marauder x2  
  75  7:00  Marine x2  
  77  7:03  SCV, Missile Turret  
  78  7:14  Medivac  
  78  7:15  Marauder x2, SCV x2  
  86  7:25  Supply Depot  
  86  7:26  Supply Depot  
  86  7:27  SCV  
  86  7:28  Supply Depot, SCV  
  88  7:30  Marine x2  
  88  7:34  Cyclone  
  88  7:36  Marauder x2  
  97  7:39  SCV  
  97  7:40  SCV  
  97  7:43  Concussive Shells  
  99  7:44  Medivac  
  99  7:48  Marine x2  
  99  7:51  SCV  
  104  7:52  SCV  
  104  7:57  Marine x2  
  107  8:03  SCV  
  105  8:06  Cyclone, Marine x2  
  109  8:15  Marine x2  
  109  8:18  Missile Turret  
  111  8:22  Missile Turret  
  111  8:23  Marine x2  
  111  8:25  Missile Turret  
  111  8:26  Missile Turret  
  113  8:28  Missile Turret  
  113  8:30  Missile Turret  
  113  8:33  Marine x2, Missile Turret  
  115  8:35  Missile Turret  
  115  8:36  Missile Turret x2  
  115  8:38  Cyclone  
  118  8:49  Marine x2  
  118  8:51  Marine x2  
  122  8:57  Command Center  
  122  8:59  Supply Depot  
  122  9:04  Supply Depot  
  122  9:06  Marine  
  122  9:07  Marine  
  122  9:08  Marine x2  
  126  9:13  Refinery  
  126  9:15  Refinery  
  126  9:24  Marine x2  
  126  9:26  Marine x2  
  126  9:28  Terran Infantry Armor Level 1  
  130  9:42  Marine  
  131  9:49  Marine x3  
  131  9:52  Cyclone  
  137  10:00  Marine  
  137  10:07  Marine x3  
  134  10:18  Marine  
  127  10:24  Marine  
  127  10:25  Marine x2  
  84  10:35  Marine  
  84  10:42  Cyclone, Marine x3  
  76  10:44  Viking  
  78  10:53  Marine  
  73  11:00  Marine x3  
  74  11:14  Cyclone, Planetary Fortress  
  74  11:17  Missile Turret  
  77  11:22  Hi-Sec Auto Tracking  
  77  11:35  Missile Turret  
  77  11:37  Missile Turret x2  
  77  11:39  Engineering Bay  
  77  11:46  Cyclone  
  47  12:32  Marine x4  
  47  12:35  Cyclone  
  54  12:49  Refinery  
  54  12:50  Refinery, Marine x4  
  58  13:07  Cyclone  
  58  13:08  Marine x3  
  58  13:39  Cyclone  
  48  13:48  Marine x4  
  45  14:05  SCV  
  45  14:06  Marine x4  
  50  14:11  Cyclone  
  50  14:15  SCV x2  
  55  14:17  SCV  
  55  14:23  Marine  
  55  14:24  Marine x3  
  58  14:27  SCV x2  
  58  14:29  SCV  
  63  14:37  Engineering Bay  
  63  14:39  SCV x2  
  63  14:41  Marine x2, SCV  
  63  14:42  Marine x2  
  63  14:43  Cyclone  
  73  14:49  Factory  
  73  14:51  SCV x2  
  75  14:53  SCV  
  75  14:59  Marine x2  
  76  15:03  SCV x2  
  76  15:05  Command Center  
  80  15:15  Cyclone  
  80  15:19  SCV  
  84  15:31  SCV x2  
  86  15:43  SCV x2  
  86  15:47  Command Center  
  88  15:51  Missile Turret  
  88  15:52  Missile Turret  
  88  15:53  Missile Turret  
  88  15:55  SCV x2  
  90  15:59  Marine x4  
  94  16:06  Missile Turret  
  94  16:07  SCV x2  
  94  16:08  Missile Turret  
  96  16:11  Missile Turret x2  
  96  16:12  Missile Turret x3  
  96  16:14  Missile Turret  
  96  16:16  Missile Turret  
  96  16:17  Marine x4, Missile Turret  
  100  16:19  SCV  
  101  16:25  Planetary Fortress, Missile Turret  
  101  16:26  Missile Turret  
  101  16:34  Marine x2  
  101  16:35  Marine x2  
  105  16:46  Missile Turret  
  105  16:52  Marine x4  
  109  17:01  Missile Turret  
  109  17:06  Armory, Missile Turret  
  109  17:10  Marine x4  
  100  17:22  Missile Turret  
  92  17:26  Missile Turret  
  92  17:28  Marine x4  
  93  17:42  Missile Turret x2  
  91  17:46  Marine x2  
  91  17:57  Marine x2  
  91  18:02  Missile Turret  
  84  18:06  Missile Turret x3  
  84  18:07  Missile Turret  
Show
View Real Time Build Order
Export as new Build Order

KaloAgo Terran - Winner!

Build Orders: Gas First Reaper Expand 

Get SALT Encoding   

  12  0:01  SCV  
  14  0:14  SCV  
  14  0:25  Supply Depot  
  14  0:26  SCV  
  15  0:33  Refinery  
  15  0:47  SCV  
  15  0:49  Barracks  
  16  0:59  SCV  
  17  1:14  SCV  
  18  1:28  SCV  
  19  1:38  Reaper  
  20  1:46  Command Center  
  20  1:47  Orbital Command  
  20  2:03  Factory  
  19  2:23  Barracks Reactor  
  19  2:25  Supply Depot  
  19  2:30  Refinery  
  19  2:31  SCV  
  20  2:43  SCV  
  22  3:05  SCV  
  22  3:10  Orbital Command  
  22  3:17  SCV  
  23  3:41  Supply Depot  
  23  3:52  Barracks Tech Lab  
  23  3:56  Starport  
  23  3:58  Starport  
  23  4:03  Armory  
  22  4:21  SCV x2  
  24  4:33  SCV x2  
  24  4:34  Hellion  
  24  4:35  Supply Depot, Hellion  
  30  4:44  Starport Tech Lab  
  30  4:45  Starport Tech Lab, SCV x2  
  32  4:51  Fusion Core  
  32  4:56  Hellion x2  
  32  4:57  SCV x2  
  38  5:09  SCV x2  
  40  5:17  Hellion x2  
  40  5:19  Banshee  
  40  5:20  Banshee  
  50  5:22  Cloaking Field  
  50  5:41  Refinery  
  50  5:43  Refinery  
  50  5:45  SCV  
  50  5:46  SCV  
  52  5:55  Command Center  
  52  5:57  SCV  
  52  6:00  Hyperflight Rotors  
  53  6:07  Terran Ship Weapons Level 1  
  53  6:26  SCV x2  
  55  6:38  SCV  
  62  6:47  Battlecruiser  
  62  7:02  Supply Depot  
  62  7:05  Supply Depot  
  62  7:07  Siege Tank, Banshee  
  68  7:17  Factory  
  68  7:20  SCV  
  68  7:21  SCV  
  70  7:32  SCV  
  70  7:33  SCV  
  72  7:40  Siege Tank  
  75  7:45  SCV x2  
  77  7:57  SCV x2  
  76  8:12  Siege Tank  
  76  8:20  Orbital Command  
  76  8:30  Battlecruiser x2  
  88  8:44  Hellion x2  
  92  8:51  Supply Depot x2, Terran Vehicle Weapons Level 1  
  92  8:52  Orbital Command  
  92  9:12  Hellion x2  
  92  9:13  Hellion  
  98  9:34  Hellion x3  
  104  9:50  Factory  
  104  9:51  Factory  
  104  9:55  Hellion x2  
  104  9:58  Supply Depot  
  108  10:01  Supply Depot  
  108  10:06  Hellion  
  108  10:09  Battlecruiser  
  108  10:10  Battlecruiser  
  103  10:28  Hellion  
  93  10:48  Hellion x2  
  93  10:49  Hellion  
  99  11:09  Hellion  
  99  11:10  Hellion  
  99  11:11  Hellion  
  105  11:30  Terran Vehicle And Ship Armor Level 1  
  105  11:31  Hellion x2  
  109  11:37  Supply Depot  
  109  11:40  Supply Depot  
  109  11:42  Siege Tank, Battlecruiser  
  118  12:14  Siege Tank  
  109  12:35  Factory Reactor  
  109  12:36  Factory Reactor  
  109  12:40  Hellion x2  
  113  12:46  Siege Tank  
  113  12:47  Battlecruiser x2  
  128  12:54  Weapon Refit  
  128  13:01  Hellion  
  128  13:02  Hellion  
  132  13:07  Command Center  
  132  13:10  Command Center  
  132  13:18  Hellion  
  134  13:23  Hellion x2  
  138  13:39  Hellion  
  134  13:44  Hellion x2  
  132  14:01  Hellion  
  134  14:43  Engineering Bay  
  134  14:44  Refinery  
  134  14:46  Refinery  
  134  14:48  Orbital Command  
  134  14:59  Hellion  
  140  15:00  Hellion x5  
  140  15:01  Hellion  
  148  15:17  Supply Depot  
  148  15:20  Supply Depot  
  148  15:21  Hellion x4  
  154  15:22  Hellion x3  
  162  15:42  Hellion  
  168  15:43  Hellion x5  
  168  15:44  Hellion  
  168  15:46  Terran Vehicle Weapons Level 2  
  176  16:04  Hellion x5  
  182  16:05  Hellion  
  188  16:22  Supply Depot  
  188  16:24  Supply Depot  
  188  16:25  Supply Depot  
  188  16:27  Supply Depot  
  188  16:35  Battlecruiser, Hellion  
  196  17:09  Battlecruiser  
Tags
 
Add a new tag
Caveats
  • Supply blocks, unpowered buildings, or Contaminate may cause inaccurate times.
  • Supply counts are checked every 10 seconds.